AoeStats
← arielhz45

Arena

509975100Analyzed
2v2 RM · 4d ago on Sep 28, 2026· 55m 53s· 4 players
Game mode
Random Map
Map size
Medium (4 player)
Population
200
Speed
Normal
Resources
Standard
Victory
Conquest
Starting age
Dark Age
Ending age
Imperial Age
RankedLock teamsTeams togetherTeam positionsShared explorationLock speedFull tech treeHidden civsTurbo modeCheats
Victory
Defeat
🇺🇸 Bulgarians · United States
807
+12
🇺🇸 Cumans · United States
646
+18
🇵🇦 Dravidians · Panama
761
-17
🇺🇸 Jurchens · United States
651
-13
arielhz45
12:04 Feudal Age
12:38 Horse Collar
12:46 Double-Bit Axe
22:07 Castle Age
23:27 Bloodlines
Elcaifascefas
2:34 Loom
11:40 Feudal Age
17:35 Double-Bit Axe
20:17 Castle Age
20:41 Forging
20:32 Scale Mail Armor
20:24 Fletching
22:35 Iron Casting
22:06 Gold Mining
36:07 Imperial Age
37:09 Chain Mail Armor
38:48 Blast Furnace
Toade7
13:16 Feudal Age
14:58 Double-Bit Axe
17:30 Castle Age
15:43 Horse Collar
15:56 Gold Mining
16:24 Forging
18:34 Heavy Plow
19:27 Bow Saw
20:14 Iron Casting
20:21 Arson
26:13 Wheelbarrow
26:25 Fletching
27:14 Loom
27:46 Bodkin Arrow
30:38 Imperial Age
30:40 Heated Shot
31:13 Ballistics
31:39 Gold Shaft Mining
32:35 Crop Rotation
33:22 Chemistry
32:49 Hand Cart
33:33 Stone Mining
36:33 Bracer
37:35 Blast Furnace
36:43 Murder Holes
37:01 Masonry
37:39 Stone Shaft Mining
39:04 Town Watch
44:13 Bloodlines
44:03 Husbandry
44:48 Scale Barding Armor
44:06 Light Cavalry
46:08 Chain Barding Armor
47:55 Town Patrol
48:49 Stirrups
49:15 Conscription
48:17 Elite Konnik
50:15 Plate Barding Armor
50:05 Thumb Ring
49:41 Heavy Cavalry Archer
50:47 Parthian Tactics
50:19 Spies/Treason
51:21 Hussar
The One Who Knocks
12:44 Feudal Age
11:00 Loom
13:17 Double-Bit Axe
14:42 Arson
14:18 Man-at-Arms
15:30 Gold Mining
17:34 Forging
19:01 Scale Mail Armor
29:11 Castle Age
29:55 Squires
29:16 Long Swordsman
31:09 Iron Casting
31:48 Chain Mail Armor
32:51 Fletching
37:40 Bodkin Arrow
37:50 Horse Collar
38:17 Stone Mining
39:20 Heavy Plow
41:22 Gold Shaft Mining
41:37 Light Cavalry
42:28 Bloodlines
46:51 Imperial Age
45:02 Scale Barding Armor
49:34 Capped Ram
50:26 Hussar
Connection lost

Rejoining the realm…

Still unreachable

The connection could not be restored.

Session expired

The server has moved on; the page needs a fresh start.